Map: Thunderbird LE

Players

Hjax - Winner!

  • Race: Protoss Protoss
  • Spawn Location: 11:00

Shyrshadi

  • Race: Protoss Protoss
  • Spawn Location: 5:00

VOD

Have the link to the VOD?

Description

Time

  • Played on: Sept. 6, 2019, 1:11 p.m.
  • Length: 12:05
Show
View Real Time Build Order
Export as new Build Order

Hjax Protoss - Winner!

Build Orders:  

Get SALT Encoding   

  12  0:00  Probe  
  13  0:12  Probe  
  14  0:17  Pylon  
  14  0:24  Probe  
  15  0:33  Probe  
  15  0:39  Gateway  
  15  0:41  Probe  
  16  0:48  Assimilator  
  17  0:51  Probe  
  17  0:54  Assimilator  
  18  0:59  Probe  
  19  1:07  Gateway, Probe  
  19  1:17  Probe  
  21  1:26  Cybernetics Core  
  21  1:29  Probe  
  22  1:39  Pylon  
  22  1:41  Probe  
  23  1:53  Warp Gate  
  23  1:57  Probe  
  24  2:02  Sentry, Stalker  
  28  2:09  Probe  
  29  2:16  Pylon  
  29  2:21  Probe  
  30  2:26  Pylon  
  30  2:34  Stalker x2  
  34  3:03  Robotics Facility  
  34  3:04  Stalker x2  
  38  3:16  Pylon  
  38  3:32  Nexus  
  37  3:42  Shield Battery, Stalker  
  37  3:44  Stalker  
  41  3:51  Immortal  
  45  4:05  Probe  
  46  4:13  Pylon  
  46  4:27  Pylon  
  46  4:36  Immortal  
  46  4:44  Shield Battery  
  50  4:46  Sentry x2  
  54  4:54  Pylon  
  54  5:03  Probe x2  
  56  5:07  Shield Battery  
  56  5:09  Observer  
  57  5:21  Adept  
  57  5:22  Adept  
  59  5:44  Pylon  
  59  5:46  Immortal  
  59  5:48  Probe  
  59  5:49  Probe  
  64  5:51  Twilight Council  
  64  5:52  Sentry  
  64  5:56  Probe  
  67  6:01  Probe  
  69  6:04  Probe  
  70  6:12  Sentry  
  70  6:13  Probe  
  70  6:17  Probe  
  74  6:21  Stalker  
  74  6:22  Blink  
  76  6:28  Shield Battery  
  76  6:29  Shield Battery  
  76  6:31  Shield Battery  
  76  6:37  Probe  
  77  6:59  Assimilator  
  77  7:00  Assimilator  
  77  7:02  Gateway  
  77  7:04  Gateway  
  77  7:05  Gateway x2  
  77  7:08  Adept x2  
  79  7:25  Pylon  
  79  7:27  Gateway  
  79  7:34  Adept  
  79  7:35  Adept  
  81  7:41  Probe  
  82  7:53  Gateway  
  82  7:57  Probe  
  82  8:06  Warp Prism  
  82  8:11  Adept  
  82  8:12  Adept x4  
  94  8:15  Resonating Glaives  
  90  8:28  Robotics Bay  
  90  8:33  Probe x2  
  92  8:45  Probe x2  
  94  9:03  Robotics Facility  
  94  9:20  Pylon  
  94  9:22  Pylon  
  94  9:23  Pylon  
  92  9:24  Pylon  
  92  9:26  Disruptor  
  92  9:34  Adept  
  97  9:39  Adept  
  97  9:45  Nexus  
  99  9:46  Robotics Facility  
  99  9:54  Disruptor  
  99  9:55  Disruptor  
  105  10:18  Probe  
  102  10:22  Probe  
  102  10:25  Pylon x2  
  103  10:31  Pylon  
  103  10:32  Stalker x4  
  103  10:33  Disruptor  
  103  10:34  Disruptor  
  103  10:35  Pylon  
  117  10:46  Adept x2  
  121  10:59  Disruptor  
  124  11:09  Disruptor  
  124  11:11  Adept x2  
  131  11:16  Disruptor  
  131  11:18  Probe, Stalker  
  127  11:19  Stalker x2  
  133  11:27  Stargate  
  133  11:33  Forge  
  133  11:36  Observer  
  133  11:52  Adept x3  
  133  11:53  Adept  
  133  11:59  Stalker x2  
Show
View Real Time Build Order
Export as new Build Order

Shyrshadi Protoss 

Build Orders:  

Get SALT Encoding   

  12  0:02  Probe  
  13  0:14  Probe  
  13  0:17  Pylon  
  14  0:25  Probe  
  15  0:33  Probe  
  15  0:41  Gateway, Probe  
  16  0:48  Assimilator  
  17  0:53  Probe  
  17  0:55  Assimilator  
  18  1:02  Probe  
  18  1:10  Probe  
  19  1:12  Gateway  
  20  1:19  Probe  
  21  1:29  Cybernetics Core  
  21  1:31  Probe  
  22  1:39  Pylon  
  22  1:43  Probe  
  23  1:57  Probe  
  24  2:05  Adept x2  
  24  2:06  Warp Gate  
  28  2:19  Pylon  
  28  2:23  Pylon  
  28  2:29  Shield Battery  
  28  2:30  Pylon  
  28  2:36  Adept  
  30  2:41  Adept  
  32  2:50  Twilight Council  
  32  2:59  Gateway  
  32  3:05  Robotics Facility  
  30  3:25  Resonating Glaives  
  34  3:44  Gateway  
  30  4:01  Stalker x3  
  30  4:24  Stalker x3  
  30  4:27  Pylon  
  36  4:40  Pylon  
  36  4:47  Adept x3  
  36  4:48  Adept  
  44  4:53  Immortal  
  48  5:10  Adept x2  
  48  5:12  Sentry  
  54  5:35  Immortal  
  50  5:55  Phoenix  
  50  5:56  Robotics Bay  
  50  5:57  Probe  
  51  6:12  Pylon  
  51  6:14  Warp Prism  
  53  6:29  Pylon  
  53  6:34  Gravitic Drive  
  53  6:41  Disruptor  
  56  6:57  Adept x2  
  60  7:05  Adept x2  
  64  7:13  Pylon  
  64  7:26  Disruptor  
  67  7:48  Nexus  
  65  8:01  Disruptor  
  57  8:31  Disruptor  
  60  8:49  Adept x4  
  68  9:00  Disruptor  
  68  9:05  Probe x2  
  72  9:22  Probe x2  
  74  9:34  Probe x2  
  74  9:38  Adept x4  
  84  9:54  Probe x2  
  84  9:55  Disruptor  
  86  10:00  Adept  
  86  10:06  Probe x2  
  85  10:27  Probe x2  
  87  10:32  Adept x3  
  86  11:19  Nexus  
  86  11:29  Adept x2  
  90  11:39  Pylon  
  90  11:41  Assimilator  
  90  11:43  Assimilator  
  67  11:57  Adept x4  
Tags
 
Matchup
PvP
Player
Hjax
Spawn Locations
Cross Positions
Add a new tag
Caveats
  • Supply blocks, unpowered buildings, or Contaminate may cause inaccurate times.
  • Supply counts are checked every 10 seconds.